 Dungeon Crawl Stone Soup version 0.22-a0-322-g60b3cfd (webtiles) character file.

4 sankara the Chopper (level 1, -2/20 HPs)
             Began as a Hill Orc Monk on Apr 4, 2018.
             Killed from afar by a dart slug (6 damage)
             ... with a slug dart
             ... on level 1 of the Dungeon.
             The game lasted 00:00:31 (32 turns).

sankara the Chopper (Hill Orc Monk)                   Turns: 32, Time: 00:00:32

Health: -2/20      AC:  2    Str: 13    XL:     1   Next: 60%
Magic:  1/1        EV: 13    Int: 10    God:
Gold:   0          SH:  0    Dex: 13    Spells: 0/0 levels left

rFire    . . .     SeeInvis .   a - +0 hand axe
rCold    . . .     Gourm    .   (no shield)
rNeg     . . .     Faith    .   b - +0 robe
rPois    .         Spirit   .   (no helmet)
rElec    .         Reflect  .   (no cloak)
rCorr    .         Harm     .   (no gloves)
MR       .....                  (no boots)
Stlth    ++........             (no amulet)
HPRegen  0.06/turn              (no ring)
MPRegen  0.07/turn              (no ring)

@: no status effects
A: no striking features
a: no special abilities


You were on level 1 of the Dungeon.
You were not hungry.

You visited 1 branch of the dungeon, and saw 1 of its levels.

Inventory:

Hand Weapons
 a - a +0 hand axe (weapon)
Armour
 b - a +0 robe (worn)
Comestibles
 c - a ration


   Skills:
 + Level 3.7 Fighting
 * Level 4.2 Axes
 - Level 2.4 Dodging
 - Level 1.5 Stealth


You couldn't memorise any spells.
You didn't know any spells.

Dungeon Overview and Level Annotations

Branches:
Dungeon (1/15)

Altars:


Message History

Welcome, sankara the Hill Orc Monk.
The bosom of this dungeon contains the fabled artefact, the Orb of Zot.
Press ? for a list of commands and other information.
Found a staircase leading out of the dungeon.
A leopard gecko, a kobold and a dart slug come into view.
The kobold shouts!
You hear an angry hiss.
The leopard gecko hisses angrily.
The kobold throws a stone.
The stone barely misses you.
A dart slug comes into view.
The kobold throws a stone.
The stone hits you but does no damage.
Found a stone staircase leading down.
You see here a stone.
A frilled lizard comes into view.
The dart slug launches a dart at you. The slug dart misses you.
The kobold throws a stone.
The stone barely misses you.
The frilled lizard hisses angrily.
You hit the leopard gecko.
The leopard gecko is moderately wounded.
The leopard gecko bites you.
The kobold throws a stone.
The stone closely misses you. The leopard gecko barely misses you.
You closely miss the leopard gecko.
The leopard gecko is moderately wounded.
The leopard gecko misses you. The dart slug launches a dart at you.
The slug dart misses you.
A kobold comes into view. It is wielding a club.
The kobold shouts!
You hit the leopard gecko.
You kill the leopard gecko!
The kobold throws a stone.
The stone hits you.
You hit the kobold.
The kobold is heavily wounded.
The kobold barely misses you.
You hit the kobold but do no damage.
The kobold is heavily wounded.
The kobold throws a stone.
The stone misses you. The dart slug launches a dart at you.
The slug dart misses you. The kobold hits you but does no damage.
You hit the kobold but do no damage.
The kobold is heavily wounded.
The kobold completely misses you.
You barely miss the kobold.
The kobold is heavily wounded.
You barely miss the frilled lizard. The frilled lizard barely misses you.
The kobold throws a stone.
The stone hits you. The kobold barely misses you.
You are too injured to fight recklessly!
You are too injured to fight recklessly!
You are too injured to fight recklessly!
The kobold throws a stone.
The stone closely misses you.
You see here a stone.
The frilled lizard closely misses you.
The kobold throws a stone.
The stone barely misses you.
You see here a stone.
You are too injured to fight recklessly!
You are too injured to fight recklessly!
You closely miss the kobold.
The kobold is heavily wounded.
The kobold misses you.
You barely miss the kobold.
The kobold is heavily wounded.
The kobold hits you with a whip.
You hit the kobold but do no damage.
The kobold is heavily wounded.
The kobold closely misses you.
You barely miss the kobold.
The kobold is heavily wounded.
The kobold closely misses you.
You closely miss the kobold.
The kobold is heavily wounded.
The kobold barely misses you. x2
You miss the kobold.
The kobold is heavily wounded.
The kobold hits you with a whip.
You closely miss the kobold.
The kobold is heavily wounded.
The kobold closely misses you.
You closely miss the kobold.
The kobold is heavily wounded.
The kobold hits you with a whip.
* * * LOW HITPOINT WARNING * * *
You barely miss the kobold.
The kobold is heavily wounded.
The kobold hits you with a whip.
* * * LOW HITPOINT WARNING * * *
You hit the kobold.
You kill the kobold!
The frilled lizard completely misses you.
You hit the frilled lizard.
You kill the frilled lizard!
You hit the dart slug.
The dart slug is moderately wounded.
The dart slug barely misses you.
You hit the dart slug.
The dart slug is heavily wounded.
The dart slug launches a dart at you. The slug dart hits you!
You die...

................. ..
................ ...
#...........?.. ...
#.K...†.......
..#####....(.#....
#.....#..(......# #...
##..........
..#####.#####w........
#..........@#(.(....#
##....<....###..(....
##.......## #......
....#.....#.... #.....
... ##...###... #...
#. ##.## #.# #.. ....
... .w .#.# .. #.#


You could see a dart slug.

Vanquished Creatures
  A leopard gecko (D:1)
  A kobold (D:1)
  A frilled lizard (D:1)
3 creatures vanquished.

Notes
Turn   | Place    | Note
-------+----------+-------------------------------------------
     0 | D:1      | sankara the Hill Orc Monk began the quest for the Orb.
     0 | D:1      | Reached XP level 1. HP: 19/19 MP: 1/1
    27 | D:1      | HP: 4/20 [kobold/whip (3)]
    32 | D:1      | Killed from afar by a dart slug

Vault maps used:
D:1:      onia_arrival_pyramid, moated_statue, minmay_tree_intersection,
          st_stairs_1

Action                   || total
-------------------------++-------
Melee: Hand axe          ||    20
Armor: Robe              ||     1
Dodge: Dodged            ||    24

Table legend:
 A = Spawn XP
 B = Non-spawn XP
 C = Spawn XP percentage of total XP
 D = Spawn monster count
 E = Non-spawn monster count
 F = Spawn count percentage of total count
 G = Total turns spent on level
                    A         B        C        D         E        F      G
               +---------+---------+-------+---------+---------+-------+---------
         Total |       0 |       6 |   0.0 |       0 |       3 |   0.0 |    32
               +---------+---------+-------+---------+---------+-------+---------
           D:1 |       0 |       6 |   0.0 |       0 |       3 |   0.0 |    32
               +---------+---------+-------+---------+---------+-------+---------

Vault maps used:
D:1:      onia_arrival_pyramid, moated_statue, minmay_tree_intersection,
          st_stairs_1

Table legend:
 A = Turns spent in this place as a percentage of turns spent in the entire game.
 B = Non-inter-level travel turns spent in this place as a percentage of non-inter-level travel turns spent in the entire game.
 C = Inter-level travel turns spent in this place as a percentage of turns spent in this place.
 D = Turns resting spent in this place as a percentage of non-inter-level travel turns spent in this place.
 E = Turns spent auto-exploring this place as a percentage of non-inter-level travel turns spent in this place.
 F = Non-inter-level travel turns spent in this place divided by the number of levels of this place that you've seen.
                   A       B       C       D       E      F
               +-------+-------+-------+-------+-------+----------------------
         Total | 100.0 | 100.0 |   0.0 |   0.0 |  15.6 |  32.0
       Dungeon | 100.0 | 100.0 |   0.0 |   0.0 |  15.6 |  32.0
               +-------+-------+-------+-------+-------+----------------------

Table legend:
 A = Kills in this place as a percentage of kills in entire the game.
 B = Kills by you in this place as a percentage of kills by you in the entire game.
 C = Kills by friends in this place as a percentage of kills by friends in the entire game.
 D = Other kills in this place as a percentage of other kills in the entire game.
 E = Experience gained in this place as a percentage of experience gained in the entire game.
 F = Experience gained in this place divided by the number of levels of this place that you have seen.
                   A       B       C       D       E      F
               +-------+-------+-------+-------+-------+----------------------
         Total | 100.0 | 100.0 |   N/A |   N/A | 100.0 |   6.0
       Dungeon | 100.0 | 100.0 |   N/A |   N/A | 100.0 |   6.0
               +-------+-------+-------+-------+-------+----------------------
